 Dungeon Crawl Stone Soup version 0.25-a0-306-g3faca94 (webtiles) character file.

Game seed: 7481273105216006573, levelgen mode: deterministic

62 Charmandara the Conjurer (level 4, -1/39 HPs)
             Began as an Ogre Fire Elementalist on Dec 21, 2019.
             Slain by a hobgoblin (2 damage)
             ... led by Robin
             ... on level 2 of the Dungeon.
             The game lasted 00:04:28 (1034 turns).

Charmandara the Conjurer (Ogre Fire Elementalist)   Turns: 1034, Time: 00:04:28

Health: -1/39      AC:  3    Str: 12    XL:     4   Next: 8%
Magic:  3/7        EV: 10    Int: 17    God:
Gold:   42         SH:  0    Dex:  9    Spells: 2/7 levels left

rFire    . . .     SeeInvis .   b - +0 dagger
rCold    . . .     Gourm    .   (no shield)
rNeg     . . .     Faith    .   a - +0 robe
rPois    .         Spirit   .   (helmet restricted)
rElec    .         Reflect  .   (no cloak)
rCorr    .         Harm     .   (gloves unavailable)
MR       .....                  (boots unavailable)
Stlth    +.........             (no amulet)
HPRegen  0.13/turn              (no ring)
MPRegen  0.10/turn              (no ring)

@: very slightly contaminated
A: large, unfitting armour, tough skin 1
a: no special abilities


You were on level 2 of the Dungeon.
You were not hungry.

You visited 1 branch of the dungeon, and saw 2 of its levels.

You collected 42 gold pieces.

Inventory:

Hand Weapons
 b - a +0 dagger (weapon)
   (You found it on level 1 of the Dungeon)
Armour
 a - a +0 robe (worn)
Comestibles
 c - 3 rations
 d - a chunk of flesh {@w0}


   Skills:
 - Level 1.7 Dodging
 - Level 1.4 Stealth
 + Level 2.4 Spellcasting
 - Level 3.1 Conjurations
 - Level 3.0 Fire Magic


You had 2 spell levels left.
You knew the following spells:

 Your Spells              Type           Power        Failure   Level  Hunger
a - Foxfire               Conj/Fire      ##..         5%          1    #......
s - Sticky Flame          Conj/Fire      ##......     45%         4    #####..

Your spell library contained the following spells:

 Spells                   Type           Power        Failure   Level  Hunger
 Conjure Flame            Conj/Fire      ##......     16%         3    ###....
 Inner Flame              Hex/Fire       #.......     30%         3    ###....
 Fireball                 Conj/Fire      ##........   82%         5    ######.


Dungeon Overview and Level Annotations

Branches:
Dungeon (2/15)

Altars:

Annotations:
D:2 Robin


Innate Abilities, Weirdness & Mutations

You are too large for most types of armour.
You have tough skin. (AC +1)


Message History

The goblins go into a battle-frenzy!
The hobgoblin closely misses you.
The goblin hits you with a cursed -2 club.
You regained 2 hp, and now have 21/39 hp.
Unknown command.
You bump into the rock wall.
The hobgoblin closely misses you. The goblin hits you but does no damage.
A goblin comes into view. It is wielding a +0 club.
You regained 3 hp, and now have 24/39 hp.
Unknown command.
You bump into the rock wall.
The hobgoblin barely misses you. The goblin barely misses you.
You regained 4 hp, and now have 28/39 hp.
Unknown command.
You're too confused to move!
The hobgoblin hits you but does no damage.
The goblin hits you but does no damage.
You regained 4 hp, and now have 32/39 hp.
You regained 3 hp, and now have 35/39 hp.
You're too confused to move!
You feel less invigorated.
You feel less confused. The hobgoblin hits you.
You regained 3 hp, and now have 38/39 hp.
You see here a +0 dagger.
Unknown command.
Okay, then.
As you read the scroll labeled KEBLIF QICULIA, it crumbles to dust.
You feel blessed for a moment.
It was a scroll of remove curse.
Robin throws the goblin at you! The hobgoblin hits you.
The goblin hits you with a +1 dagger of protection.
You take 7 damage, and have 31/39 hp.
As you read the scroll labeled PIHELI TOLENA, it crumbles to dust.
It is a scroll of identify.
You don't have any unidentified items.
The hobgoblin hits you!
The goblin hits you with a +1 dagger of protection.
You take 8 damage, and have 23/39 hp.
MASSIVE DAMAGE!!
Unknown command.
Unknown command.
Nothing appears to happen.
The hobgoblin barely misses you. The goblin closely misses you.
Unknown command.
Unknown command.
You hit the goblin. The hobgoblin closely misses you.
The goblin barely misses you.
Robin roars a battlecry!
Unknown command.
You closely miss the goblin. The hobgoblin closely misses you.
The goblin hits you with a +1 dagger of protection.
You take 1 damage, and have 23/39 hp.
You hit the goblin but do no damage.
The hobgoblin no longer looks unusually strong.
The hobgoblin barely misses you. The goblin closely misses you.
Unknown command.
You hit the goblin but do no damage.
The goblin no longer looks unusually strong.
The hobgoblin hits you. The goblin hits you but does no damage.
You take 3 damage, and have 20/39 hp.
You closely miss the goblin.
The hobgoblin no longer looks unusually strong.
The hobgoblin hits you. The goblin closely misses you.
Robin roars a battlecry!
The goblins go into a battle-frenzy!
You take 2 damage, and have 18/39 hp.
You barely miss the goblin.
The goblin no longer looks unusually strong.
The hobgoblin hits you.
The goblin hits you with a +1 dagger of protection.
You take 5 damage, and have 13/39 hp.
You hit the goblin but do no damage.
The goblin no longer looks unusually strong. x2
The hobgoblin hits you.
* * * LOW HITPOINT WARNING * * *
The goblin barely misses you.
You take 3 damage, and have 10/39 hp.
You hit the goblin but do no damage.
The goblin no longer looks unusually strong.
The hobgoblin hits you.
* * * LOW HITPOINT WARNING * * *
The goblin hits you with a +1 dagger of protection.
* * * LOW HITPOINT WARNING * * *
You take 6 damage, and have 4/39 hp.
Unknown command.
You aren't carrying any potions.
Unknown command.
You aren't carrying any scrolls.
Unknown command.
You hit the goblin but do no damage.
The goblin no longer looks unusually strong.
The hobgoblin hits you but does no damage.
The goblin hits you with a +1 dagger of protection.
* * * LOW HITPOINT WARNING * * *
You take 3 damage, and have 1/39 hp.
Aim: a goblin, wielding a +1 dagger of protection (heavily wounded, unusually strong)
You miscast Sticky Flame.
You are very lightly contaminated with residual magic.
Sparks fly from your hands! The hobgoblin hits you.
You die...

.#####.#.# #######.#
...)...#(#####.......###
.......((...............
.......#.#.......######
.........#.###.#.#
....<...(#.....#.#
.........#######.#
........... #g#
........### #@# ######.#
#g# #. #g# ......gg#
####..ggg #.g.gg.
#....... #........
#.........


You could see Robin, 2 hobgoblins and 8 goblins.

Vanquished Creatures
  A gnoll (D:1)
  An adder (D:2)
  3 oozes
  2 dart slugs
  A giant cockroach (D:2)
  3 goblins (D:2)
  7 hobgoblins
  2 bats (D:1)
  2 frilled lizards (D:1)
  A kobold (D:1)
  5 rats (D:1)
28 creatures vanquished.

Vanquished Creatures (others)
  A frilled lizard (D:2)
  52 foxfires
53 creatures vanquished.

Grand Total: 81 creatures vanquished

Notes
Turn   | Place    | Note
-------+----------+-------------------------------------------
     0 | D:1      | Charmandara the Ogre Fire Elementalist began the quest for
                  | the Orb.
     0 | D:1      | Reached XP level 1. HP: 16/16 MP: 3/3
    10 | D:1      | Reached skill level 1 in Conjurations
   156 | D:1      | Reached XP level 2. HP: 17/24 MP: 1/5
   166 | D:1      | Reached skill level 2 in Conjurations
   385 | D:1      | Reached XP level 3. HP: 24/31 MP: 1/6
   729 | D:2      | Reached skill level 3 in Conjurations
   980 | D:2      | Reached skill level 3 in Fire Magic
   980 | D:2      | Reached XP level 4. HP: 20/39 MP: 2/7
   993 | D:2      | Learned a level 4 spell: Sticky Flame
  1010 | D:2      | Noticed Robin
  1032 | D:2      | HP: 7/39 [hobgoblin[Robin] (4)]
  1033 | D:2      | HP: 1/39 [goblin/+1 dagger of protection[Robin] (3)]
  1034 | D:2      | Slain by a hobgoblin

Levels and vault maps discovered:
D:1:      lemuel_arrival_rhombus, layout_loops_cross, kennysheep_doodads
D:2:      layout_basic, fedhas_altar_3, lemuel_crystal_altar, first_ration,
          chequers_serial_rivers_micro_e, hangedman_abyss_or_decor_stabs,
          uniq_jessica, uniq_robin

Skill      XL: |  1  2  3 |
---------------+----------+-----
Conjurations   | 1 2 3 |  3.1
Fire Magic     | 3 |  3.0
Dodging        | |  1.7
Stealth        | |  1.4
Spellcasting   | |  2.4

Action                   |  1- 3 |  4- 6 || total
-------------------------+-------+-------++-------
Melee: Dagger            |    47 |    11 ||    58
 Cast: Foxfire           |    36 |     3 ||    39
  Use: Scroll            |       |     2 ||     2
       Potion            |       |     1 ||     1
 Stab: Sleeping          |     1 |       ||     1
  Eat: Chunk             |       |     1 ||     1
Armor: Robe              |     9 |     5 ||    14
Dodge: Dodged            |    26 |    15 ||    41

Table legend:
 A = Non-vault XP
 B = Vault XP
 C = Vault XP percentage of total XP
 D = Non-vault monster count
 E = Vault monster count
 F = Vault count percentage of total count
                 A         B        C        D         E       F
            +---------+---------+-------+---------+---------+-------
      Total |      87 |       2 |   2.2 |      27 |       1 |   3.6
            +---------+---------+-------+---------+---------+-------
        D:1 |      46 |       0 |   0.0 |      18 |       0 |   0.0
        D:2 |      41 |       2 |   4.7 |       9 |       1 |  10.0
            +---------+---------+-------+---------+---------+-------

Levels and vault maps discovered:
D:1:      lemuel_arrival_rhombus, layout_loops_cross, kennysheep_doodads
D:2:      layout_basic, fedhas_altar_3, lemuel_crystal_altar, first_ration,
          chequers_serial_rivers_micro_e, hangedman_abyss_or_decor_stabs,
          uniq_jessica, uniq_robin

Table legend:
 A = Turns spent in this place as a percentage of turns spent in the entire game.
 B = Non-inter-level travel turns spent in this place as a percentage of non-inter-level travel turns spent in the entire game.
 C = Inter-level travel turns spent in this place as a percentage of turns spent in this place.
 D = Turns resting spent in this place as a percentage of non-inter-level travel turns spent in this place.
 E = Turns spent auto-exploring this place as a percentage of non-inter-level travel turns spent in this place.
 F = Non-inter-level travel turns spent in this place divided by the number of levels of this place that you've seen.
                   A       B       C       D       E      F
               +-------+-------+-------+-------+-------+----------------------
         Total | 100.0 | 100.0 |   0.4 |  33.0 |  43.1 | 515.0
       Dungeon | 100.0 | 100.0 |   0.4 |  33.0 |  43.1 | 515.0
               +-------+-------+-------+-------+-------+----------------------

Table legend:
 A = Kills in this place as a percentage of kills in entire the game.
 B = Kills by you in this place as a percentage of kills by you in the entire game.
 C = Kills by friends in this place as a percentage of kills by friends in the entire game.
 D = Other kills in this place as a percentage of other kills in the entire game.
 E = Experience gained in this place as a percentage of experience gained in the entire game.
 F = Experience gained in this place divided by the number of levels of this place that you have seen.
                   A       B       C       D       E      F
               +-------+-------+-------+-------+-------+----------------------
         Total | 100.0 | 100.0 |   N/A |   N/A | 100.0 |  44.5
       Dungeon | 100.0 | 100.0 |   N/A |   N/A | 100.0 |  44.5
               +-------+-------+-------+-------+-------+----------------------
